 Dungeon Crawl Stone Soup version 0.30.0-19-g36f170ea60 (webtiles) character file.

Game seed: 9705958757322371438

111748 jfcaron the Covert (level 16, -2/127 HPs)
             Began as a Gnoll Brigand on May 21, 2023.
             Was the Champion of Makhleb.
             Slain by a demonic crawler (14 damage)
             ... on level 1 of the Spider Nest on May 27, 2023.
             The game lasted 02:05:01 (27724 turns).

jfcaron the Covert (Gnoll Brigand)                 Turns: 27724, Time: 02:05:02

Health: -2/127     AC: 31    Str: 24    XL:     16   Next: 58%
Magic:  30/31      EV: 15    Int: 18    God:    Makhleb [******]
Gold:   1129       SH:  7    Dex: 14    Spells: 5/37 levels left

rFire   . . .        a - +0 eveningstar (flame)
rCold   + . .        x - +0 buckler
rNeg    . . .        C - +6 scale mail of Qoyteh {rPois}
rPois   +            f - +0 helmet
rElec   .            P - +2 cloak
rCorr   .            A - +0 pair of gloves {Str+3}
SInv    +            B - +0 pair of boots
Will    +....        e - amulet of Busk {rC+ Regen+}
Stlth   ++++         D - ring of the Tortoise {AC+8}
HPRegen 1.21/turn    y - ring of Midnight {Drain Str+4 Int+6 SInv}
MPRegen 0.22/turn

%: no passive effects
@: no status effects
A: fangs 1, strong nose, distributed training
a: Renounce Religion, Minor Destruction, Lesser Servant of Makhleb, Major
Destruction, Greater Servant of Makhleb


You were on level 1 of the Spider Nest.
You worshipped Makhleb.
Makhleb was exalted by your worship.
You visited 4 branches of the dungeon, and saw 23 of its levels.
You also visited: Ice Cave.

You collected 2045 gold pieces.
You spent 916 gold pieces at shops.

Inventory:

Hand Weapons
 a - a +0 eveningstar of flaming (weapon)
   (You took it off an orc knight on level 15 of the Dungeon)
Missiles
 b - 3 curare-tipped darts {!f}
 d - 55 poisoned darts (quivered)
 o - 2 stones
 q - 3 throwing nets {!f}
 G - 6 datura-tipped darts {!f}
 J - 3 boomerangs of dispersal {!f}
 V - 3 javelins
 Z - 6 atropa-tipped darts {!f}
Armour
 f - a +0 helmet (worn)
 x - a +0 buckler (worn)
 A - a +0 pair of gloves of strength (worn)
   (You bought it in a shop on level 5 of the Dungeon)
 B - a +0 pair of boots (worn)
 C - the +6 scale mail of Qoyteh (worn) {rPois}
   (You bought it in a shop on level 2 of the Orcish Mines)

   rPois:     It protects you from poison.
 P - a +2 cloak (worn)
Magical Staves
 v - a staff of air
   (You found it on level 13 of the Dungeon)
Jewellery
 e - the amulet of Busk (around neck) {rC+ Regen+}
   (You acquired it on level 1 of the Lair of Beasts)

   [amulet of regeneration]

   rC:        It protects you from cold.
   Regen:     It increases your rate of health regeneration.
 r - a ring of protection from fire
   (You found it on level 2 of the Dungeon)
 y - the ring of Midnight (right hand) {Drain Str+4 Int+6 SInv}
   (You found it on level 6 of the Dungeon)

   [ring of intelligence]

   Str:       It affects your strength (+4).
   Int:       It affects your intelligence (+6).
   SInv:      It lets you see invisible.
   Drain:     It drains your maximum health when unequipped.
 D - the ring of the Tortoise (left hand) {AC+8}
   (You found it on level 5 of the Dungeon)

   [ring of protection]

   AC:        It affects your AC (+8).
Wands
 h - a wand of flame (13)
 m - a wand of mindburst (10)
 I - a wand of quicksilver (15)
   (You found it on level 6 of the Dungeon)
 K - a wand of paralysis (17)
   (You found it on level 6 of the Dungeon)
 L - a wand of digging (16)
   (You found it on level 10 of the Dungeon)
 R - a wand of polymorph (10)
 X - a wand of roots (5)
Scrolls
 c - 3 scrolls of vulnerability
 p - 4 scrolls of immolation
 t - a scroll of silence
 w - 2 scrolls of fog
 M - 3 scrolls of poison
 N - 8 scrolls of teleportation
 S - 2 scrolls of fear
 U - 3 scrolls of blinking
 Y - a scroll of magic mapping
Potions
 g - 2 potions of brilliance
 i - 7 potions of attraction
 j - a potion of resistance
 k - 5 potions of flight
 l - 5 potions of heal wounds
 n - 14 potions of curing
 s - 2 potions of cancellation
 u - 2 potions of might
 F - 5 potions of lignification
 H - 2 potions of haste
 T - a potion of ambrosia
 W - 2 potions of invisibility
Miscellaneous
 z - a phial of floods
   (You found it on level 4 of the Dungeon)
 E - a box of beasts (inert)
   (You found it on level 15 of the Dungeon)


   Skills:
 + Level 12.2 Fighting
 + Level 12.2 Short Blades
 + Level 11.4 Long Blades
 + Level 11.4 Axes
 + Level 11.4 Maces & Flails
 + Level 11.4 Polearms
 + Level 11.4 Staves
 + Level 11.4 Ranged Weapons
 + Level 12.2 Throwing
 + Level 11.4 Armour
 + Level 11.7 Dodging
 + Level 13.6 Stealth
 + Level 11.4 Shields
 + Level 11.4 Unarmed Combat
 + Level 11.4 Spellcasting
 + Level 9.6 Conjurations
 + Level 9.6 Hexes
 + Level 9.6 Summonings
 + Level 9.6 Necromancy
 + Level 9.6 Translocations
 + Level 9.6 Transmutations
 + Level 9.6 Fire Magic
 + Level 9.6 Ice Magic
 + Level 9.6 Air Magic
 + Level 9.6 Earth Magic
 + Level 9.6 Poison Magic
 + Level 12.3 Invocations
 + Level 11.4 Evocations


You had 5 spell levels left.
You knew the following spells:

 Your Spells              Type           Power      Damage    Failure   Level
a - Summon Small Mammal   Summ           100%       N/A       1%          1
b - Magic Dart            Conj           100%       1d8       1%          1
c - Call Canine Familiar  Summ           44%        N/A       1%          3
d - Dispel Undead         Necr           44%        3d17      3%          4
e - Summon Guardian Gole  Hex/Summ       44%        N/A       1%          3
f - Frozen Ramparts       Ice            88%        1d14      1%          3
g - Summon Mana Viper     Hex/Summ       44%        N/A       9%          5
h - Irradiate             Conj/Tmut      22%        3d19      9%          5
i - Summon Forest         Summ/Tloc      22%        N/A       9%          5
j - Blink                 Tloc           88%        N/A       1%          2

Your spell library contained the following spells:

 Spells                   Type           Power      Damage    Failure   Level
 Freeze                   Ice            100%       1d10      1%          1
 Cigotuvi's Dreadful Rot  Necr/Pois/Air  88%        N/A       1%          2
 Lesser Beckoning         Tloc           88%        N/A       1%          2
 Momentum Strike          Conj/Tloc      88%        3d10      1%          2
 Searing Ray              Conj           88%        2d7       1%          2
 Sublimation of Blood     Necr           44%        N/A       1%          2
 Hailstorm                Conj/Ice       44%        3d10      1%          3
 Stone Arrow              Conj/Erth      88%        3d12      1%          3
 Animate Armour           Summ/Erth      88%        N/A       3%          4
 Fulminant Prism          Conj/Hex       22%        3d12      3%          4
 Petrify                  Tmut/Erth      44%        N/A       3%          4
 Summon Ice Beast         Ice/Summ       44%        N/A       3%          4
 Death Channel            Necr           22%        N/A       43%         6
 Eringya's Noxious Bog    Tmut/Pois      22%        N/A       43%         6
 Monstrous Menagerie      Summ           22%        N/A       95%         7
 Summon Hydra             Summ           22%        N/A       95%         7
 Lehudib's Crystal Spear  Conj/Erth      22%        10d6      100%        8


Dungeon Overview and Level Annotations

Branches:
Dungeon (15/15)            Temple (0/1) D:7            Lair (5/5) D:10
  Swamp (0/4) Lair:2       Spider (1/4) Lair:3        Slime (0/5) Lair:5
    Orc (2/2) D:10            Elf (0/3) Orc:2        Vaults (0/5) D:14
 Depths (0/4) D:15          IceCv (visited)

Altars:
Ashenzari
Cheibriados
Elyvilon
Hepliaklqana
Makhleb
Okawaru
Ru
Sif Muna
Trog
Uskayaw
Vehumet
Wu Jian
Xom
Yredelemnul
Zin
Jiyva

Shops:
D:5 *(=   D:7 (   Orc:2 [(*(

Portals:
Trove: D:12 (give +3 shadow dragon scales)

Annotations:
Spider:1 2 transporters, exclusion: oklob plant, Arachne; Vubreenic's ghost, adept CeHu; hexenhour's ghost, journeyman DrTm


Innate Abilities, Weirdness & Mutations

You have very sharp teeth.
Your uncanny sense of smell can sniff out nearby items.
Your experience applies equally to all skills.


Message History

The demonic crawler barely misses you. The demonic crawler misses you.
The demonic crawler completely misses you.
Your hound barely misses the demonic crawler.
The wall freezes the demonic crawler.
The demonic crawler hits you. The demonic crawler barely misses you.
The demonic crawler hits you but does no damage.
You hit the demonic crawler. You burn the demonic crawler.
Your bite misses the demonic crawler.
The demonic crawler is lightly wounded.
Your hound bites the demonic crawler.
The wall freezes the demonic crawler.
The demonic crawler hits you!
* * * LOW HITPOINT WARNING * * *
You block the demonic crawler's attack.
The demonic crawler hits you but does no damage.
Your hound bites the demonic crawler.
You puncture the demonic crawler! You burn the demonic crawler.
Your bite misses the demonic crawler.
The demonic crawler is moderately wounded.
The wall freezes the demonic crawler but does no damage.
The demonic crawler hits you but does no damage.
The demonic crawler completely misses you.
The demonic crawler hits you but does no damage.
Your mature weirdfire beast hits the demonic crawler!!
Your hound bites the demonic crawler.
The wall freezes the demonic crawler.
The demonic crawler hits you but does no damage.
You block the demonic crawler's attack. The demonic crawler closely misses you.
You puncture the demonic crawler! You burn the demonic crawler.
You bite the demonic crawler, but do no damage.
The demonic crawler is severely wounded.
The frozen ramparts melt away.
The demonic crawler hits you but does no damage.
You block the demonic crawler's attack. The demonic crawler hits you!!
* * * LOW HITPOINT WARNING * * *
Your hound bites the demonic crawler.
Your mature weirdfire beast hits the demonic crawler!
The demonic crawler hits you but does no damage.
The demonic crawler hits you.
* * * LOW HITPOINT WARNING * * *
The demonic crawler hits you!
You die...

### #..###..##
###...#.# ##..^#...###
#.#...##
###...####...#
####...# ##
#.###.......## #^^..
#.## ###..##.>.....#
###..
...###.#..#....#.### ∆
##.
..........##.#######
##
##......######..h†.#
##..###...##.#..@s.#
#.....#...#....###H.^#
####
#..#^###....#...^# (.#
#..# [..###
##..##.#.##
∆..###..### #...#
#..####### $##...#.#
#..######## ###
###....## ..###.##
##.# ###......^#
..#....##
#..###.##..#..####
..#.....###
##..#...#..##.....


You could see a demonic crawler (berserk, ally target), a friendly mature
weirdfire beast (summoned) and a friendly hound (summoned).

Vanquished Creatures
  Rupert (Lair:4)
  An orc warlord (D:15)
  A reaper (IceCv)
  The ghost of 00Nightcrawler the Fighter, a journeyman VSTm of Dithmenos (D:13)
  A dire elephant (D:15)
  2 spark wasps (Spider:1)
  An entropy weaver (Spider:1)
  A catoblepas (D:13)
  A great orb of eyes (D:15)
  8 hydras
  4 vault guards (D:14)
  An ogre mage (D:15)
  11 two-headed ogres
  4 centaur warriors
  A death knight (D:15)
  4 boulder beetles
  6 death yaks
  A naga warrior (D:13)
  6 tengu warriors
  3 orc high priests (Orc:2)
  The ghost of ojifijod the Spry, a journeyman KoGl of Okawaru (D:9)
  2 skysharks
  A pharaoh ant (Lair:2)
  A skeletal warrior (D:15)
  Lodul (D:11)
  The ghost of aaron the Cleaver, a novice HOFi of Okawaru (D:6)
  3 deep elf zephyrmancers (Orc:2)
  8 deep elf pyromancers
  A wolf spider (Spider:1)
  9 ugly things
  7 orc knights
  4 orc sorcerers
  4 manticores
  A salamander (shapeshifter) (D:14)
  6 cyclopes
  2 moths of wrath
  8 elephants
  A black mamba (Lair:2)
  2 ice statues (IceCv)
  2 torpor snails
  A demonic crawler (Spider:1)
  17 cane toads
  2 unseen horrors
  An efreet (D:13)
  4 rime drakes
  3 kobold demonologists (D:9)
  2 freezing wraiths
  7 komodo dragons
  7 ice devils (IceCv)
  A tengu conjurer (D:15)
  4 trolls
  A burning bush (Lair:1)
  4 tarantellas
  3 tyrant leeches (Lair:5)
  2 hornets
  A polar bear (Lair:4)
  37 blink frogs
  The ghost of AverageBear the Chopper, an amateur OpFi (D:4)
  10 jumping spiders (Spider:1)
  9 slime creatures
  3 wraiths
  3 shadows
  5 culicivoras (Spider:1)
  A dire elephant simulacrum (IceCv)
  8 wyverns
  3 basilisks
  26 yaks
  A yak (shapeshifter) (D:15)
  3 vampires
  2 water elementals (D:15)
  3 fire bats (Orc:2)
  2 death yak simulacra (IceCv)
  A steam dragon (Lair:1)
  10 redbacks (Spider:1)
  15 vampire mosquitoes
  3 swamp worms (Lair:2)
  5 wargs
  5 acid dragons
  A harpy simulacrum (IceCv)
  12 water moccasins
  20 orc warriors
  2 ice beasts (D:6)
  A black bear (shapeshifter) (D:13)
  2 sky beasts (D:7)
  A black bear (D:5)
  12 ogres
  2 boggarts (D:14)
  4 centaurs
  4 wolves (Lair:5)
  13 kobold brigands
  14 bullfrogs
  2 gnoll sergeants
  3 two-headed ogre simulacra (IceCv)
  2 scorpions (D:6)
  A wight (D:6)
  2 elephant simulacra (IceCv)
  The ghost of Juh Ocani the Shield-Bearer, a weakling FoFi (D:15)
  9 killer bees
  An electric eel (Lair:5)
  9 howler monkeys
  5 hounds
  A jelly (D:6)
  8 orc priests
  5 iguanas
  3 gnoll boudas
  An iron imp (D:15)
  3 sleepcaps (D:6)
  26 orc wizards
  2 spriggan simulacra (IceCv)
  3 troll simulacra (IceCv)
  A wolf simulacrum (IceCv)
  25 gnolls
  3 naga simulacra (IceCv)
  9 adders
  2 shadow imps
  A white imp (D:5)
  4 ufetubi
  A worm (D:2)
  60 orcs
  5 ball pythons
  5 endoplasms
  3 giant cockroaches
  4 hobgoblins
  2 quokkas
  3 bats
  3 goblins
  21 kobolds
  8 rats
675 creatures vanquished.

Notes
Turn   | Place    | Note
-------+----------+-------------------------------------------
     0 | D:1      | jfcaron the Gnoll Brigand began the quest for the Orb.
     0 | D:1      | Reached XP level 1. HP: 20/20 MP: 1/1
   410 | D:1      | Reached XP level 2. HP: 26/26 MP: 2/2
  1054 | D:2      | Learned a level 1 spell: Summon Small Mammal
  1210 | D:2      | Reached XP level 3. HP: 11/31 MP: 2/4
  1512 | D:2      | Reached skill level 1 in Invocations
  1527 | D:2      | Reached skill level 1 in Long Blades
  1527 | D:2      | Reached skill level 1 in Axes
  1527 | D:2      | Reached skill level 1 in Maces & Flails
  1527 | D:2      | Reached skill level 1 in Polearms
  1527 | D:2      | Reached skill level 1 in Staves
  1527 | D:2      | Reached skill level 1 in Ranged Weapons
  1527 | D:2      | Reached skill level 1 in Armour
  1527 | D:2      | Reached skill level 1 in Shields
  1527 | D:2      | Reached skill level 1 in Unarmed Combat
  1527 | D:2      | Reached skill level 1 in Spellcasting
  1527 | D:2      | Reached skill level 1 in Evocations
  1584 | D:2      | Reached XP level 4. HP: 21/38 MP: 3/5
  1721 | D:2      | Reached skill level 1 in Conjurations
  1721 | D:2      | Reached skill level 1 in Hexes
  1721 | D:2      | Reached skill level 1 in Summonings
  1721 | D:2      | Reached skill level 1 in Necromancy
  1721 | D:2      | Reached skill level 1 in Translocations
  1721 | D:2      | Reached skill level 1 in Transmutations
  1721 | D:2      | Reached skill level 1 in Fire Magic
  1721 | D:2      | Reached skill level 1 in Ice Magic
  1721 | D:2      | Reached skill level 1 in Air Magic
  1721 | D:2      | Reached skill level 1 in Earth Magic
  1721 | D:2      | Reached skill level 1 in Poison Magic
  1926 | D:3      | Reached XP level 5. HP: 37/43 MP: 3/7
  2313 | D:3      | Learned a level 1 spell: Magic Dart
  2757 | D:3      | Found a faded altar of an unknown god.
  2761 | D:3      | Found a white marble altar of Elyvilon.
  2768 | D:3      | Prayed at the altar of an unknown god.
  2768 | D:3      | Became a worshipper of Makhleb the Destroyer
  2768 | D:3      | Reached * piety under Makhleb
  3080 | D:4      | Noticed AverageBear's ghost (amateur OpFi)
  3081 | D:4      | Found a runed translucent door.
  3561 | D:4      | Reached skill level 8 in Stealth
  3950 | D:4      | Reached XP level 6. HP: 46/50 MP: 2/8
  3956 | D:4      | Killed AverageBear's ghost
  3957 | D:4      | Reached skill level 5 in Fighting
  3957 | D:4      | Reached skill level 5 in Short Blades
  3957 | D:4      | Reached skill level 5 in Throwing
  3961 | D:4      | Identified the +3 falchion of Summertime {freeze, rF++
                  | rCorr Int-3 Dex+3}
  4047 | D:5      | Entered Level 5 of the Dungeon
  4084 | D:5      | Found Qogh's Assorted Antiques.
  4092 | D:5      | Bought a pair of embroidered gloves for 225 gold pieces
  4116 | D:5      | Found the ring of the Tortoise {AC+8}
  4199 | D:5      | Found Iptaaradd's Jewellery Emporium.
  4216 | D:5      | Reached XP level 7. HP: 56/56 MP: 1/10
  4617 | D:5      | Found a shimmering blue altar of Sif Muna.
  4618 | D:5      | Found a glowing silver altar of Zin.
  4618 | D:5      | Found a snail-covered altar of Cheibriados.
  4666 | D:5      | Found a radiant altar of Vehumet.
  4711 | D:5      | Found Quunoev's Weapon Boutique.
  4957 | D:5      | Bought a scroll of identify for 60 gold pieces
  4990 | D:6      | Found a hazy altar of Hepliaklqana.
  5063 | D:6      | Reached XP level 8. HP: 63/63 MP: 12/12
  5083 | D:6      | Reached ** piety under Makhleb
  5156 | D:6      | Found a transporter.
  5156 | D:6      | Noticed aaron's ghost (novice HOFi)
  5160 | D:6      | Found a transporter.
  5437 | D:6      | Noticed a hornet
  5446 | D:6      | Killed a hornet
  6023 | D:6      | Reached XP level 9. HP: 69/69 MP: 12/15
  6102 | D:6      | Reached skill level 5 in Dodging
  6205 | D:6      | Identified the ring of Midnight {Drain Str+4 Int+6 SInv}
  6213 | D:6      | Learned a level 3 spell: Call Canine Familiar
  6390 | D:6      | Reached skill level 9 in Stealth
  6401 | D:6      | Killed aaron's ghost
  6402 | D:6      | Reached skill level 5 in Invocations
  6587 | D:7      | Found a staircase to the Ecumenical Temple.
  6769 | D:5      | Bought a scroll of teleportation for 90 gold pieces
  6912 | D:7      | Found Afyemp's Weapon Shoppe.
  7244 | D:7      | Reached *** piety under Makhleb
  7252 | D:7      | Reached skill level 5 in Long Blades
  7252 | D:7      | Reached skill level 5 in Axes
  7252 | D:7      | Reached skill level 5 in Maces & Flails
  7252 | D:7      | Reached skill level 5 in Polearms
  7252 | D:7      | Reached skill level 5 in Staves
  7252 | D:7      | Reached skill level 5 in Ranged Weapons
  7252 | D:7      | Reached skill level 5 in Armour
  7252 | D:7      | Reached skill level 5 in Shields
  7252 | D:7      | Reached skill level 5 in Unarmed Combat
  7252 | D:7      | Reached skill level 5 in Spellcasting
  7252 | D:7      | Reached skill level 5 in Evocations
  7253 | D:7      | Reached XP level 10. HP: 77/77 MP: 12/17
  7943 | D:8      | Noticed a two-headed ogre
  7950 | D:8      | Killed a two-headed ogre
  7978 | D:8      | Found a hide-covered altar of Uskayaw.
  8161 | D:9      | Noticed a cyclops
  8172 | D:9      | Killed a cyclops
  8358 | D:9      | Found a runed translucent gate.
  8359 | D:9      | Found a runed translucent gate.
  8359 | D:9      | Noticed a kobold demonologist
  8360 | D:9      | Found a runed translucent gate.
  8361 | D:9      | Noticed a kobold demonologist
  8383 | D:9      | Noticed ojifijod's ghost (journeyman KoGl)
  8430 | D:9      | Noticed a kobold demonologist
  8458 | D:9      | Killed a kobold demonologist
  8639 | D:9      | Learned a level 4 spell: Dispel Undead
  8784 | D:9      | Found a shimmering altar of Xom.
  8805 | D:9      | Reached **** piety under Makhleb
  8808 | D:9      | Found a burning altar of Makhleb.
  8808 | D:9      | Found an iron altar of Okawaru.
  8812 | D:9      | Found an ornate altar of the Wu Jian Council.
  8812 | D:9      | Found a basalt altar of Yredelemnul.
  8812 | D:9      | Found a sacrificial altar of Ru.
  8992 | D:9      | Found a sacrificial altar of Ru.
  9160 | D:9      | You fall into a shaft and drop 2 floors!
  9335 | D:10     | Entered Level 10 of the Dungeon
  9386 | D:10     | Reached skill level 5 in Conjurations
  9386 | D:10     | Reached skill level 5 in Hexes
  9386 | D:10     | Reached skill level 5 in Summonings
  9386 | D:10     | Reached skill level 5 in Necromancy
  9386 | D:10     | Reached skill level 5 in Translocations
  9386 | D:10     | Reached skill level 5 in Transmutations
  9386 | D:10     | Reached skill level 5 in Fire Magic
  9386 | D:10     | Reached skill level 5 in Ice Magic
  9386 | D:10     | Reached skill level 5 in Air Magic
  9386 | D:10     | Reached skill level 5 in Earth Magic
  9386 | D:10     | Reached skill level 5 in Poison Magic
  9388 | D:10     | Reached XP level 11. HP: 85/85 MP: 18/20
  9392 | D:10     | Learned a level 3 spell: Summon Guardian Golem
  9675 | D:10     | Learned a level 3 spell: Frozen Ramparts
  9714 | D:10     | Reached skill level 10 in Stealth
  9751 | D:10     | Found a staircase to the Lair.
  9853 | D:10     | Found a staircase to the Orcish Mines.
 10018 | D:10     | Found a broken altar of Ashenzari.
 10600 | D:9      | Killed ojifijod's ghost
 10761 | Orc:1    | Entered Level 1 of the Orcish Mines
 10957 | Orc:1    | Reached ***** piety under Makhleb
 11060 | Orc:2    | Entered Level 2 of the Orcish Mines
 11313 | Orc:2    | Noticed an orc knight
 11338 | Orc:2    | Killed an orc knight
 11639 | Orc:2    | Noticed an orc high priest
 11657 | Orc:2    | Killed an orc high priest
 11682 | Orc:2    | Noticed an orc knight
 11699 | Orc:2    | Killed an orc knight
 11733 | Orc:2    | Noticed an orc knight
 11760 | Orc:2    | Noticed an orc high priest
 11778 | Orc:2    | Killed an orc high priest
 11779 | Orc:2    | Reached XP level 12. HP: 94/94 MP: 14/22
 11908 | Orc:2    | Paralysed by an orc sorcerer for 3 turns
 11910 | Orc:2    | Noticed a sun demon
 12007 | Orc:2    | Noticed an orc high priest
 12026 | Orc:2    | Killed an orc high priest
 12119 | Orc:2    | Found Nijihae's Armour Emporium.
 12119 | Orc:2    | Found Doekk's Antique Weapon Shop.
 12121 | Orc:2    | Found Dounet's Antique Weapon Emporium.
 12121 | Orc:2    | Found Omadun's Assorted Antiques.
 12139 | Orc:2    | Bought a scroll labelled MIT ZEZESEALE for 19 gold pieces
 12139 | Orc:2    | Bought a bloodstained scale mail for 171 gold pieces
 12139 | Orc:2    | Identified the +6 scale mail of Qoyteh {rPois} (You bought
                  | it in a shop on level 2 of the Orcish Mines)
 12153 | Orc:2    | Bought a transparent flail for 221 gold pieces
 12153 | Orc:2    | Identified the +6 flail of Xynoer {freeze, rC+} (You bought
                  | it in a shop on level 2 of the Orcish Mines)
 12234 | Orc:2    | Found a staircase to the Elven Halls.
 12562 | Orc:2    | Reached skill level 11 in Stealth
 13452 | Orc:2    | Bought a glowing dagger for 130 gold pieces
 13523 | Lair:1   | Entered Level 1 of the Lair of Beasts
 13650 | Lair:1   | Reached XP level 13. HP: 101/101 MP: 21/25
 14277 | Lair:1   | Identified a scroll of acquirement
 14277 | Lair:1   | Acquired the amulet of Busk {rC+ Regen+}
 14694 | Lair:2   | Reached ****** piety under Makhleb
 15640 | Lair:2   | Found a staircase to the Swamp.
 16051 | Lair:2   | Reached skill level 10 in Fighting
 16051 | Lair:2   | Reached skill level 10 in Short Blades
 16051 | Lair:2   | Reached skill level 10 in Throwing
 16206 | Lair:3   | Found a hole to the Spider Nest.
 16293 | Lair:3   | You fall into a shaft and drop 2 floors!
 16293 | Lair:5   | Entered Level 5 of the Lair of Beasts
 16695 | Lair:3   | Identified the +3 ring mail of Peek-a-Boo {Harm rPois Str-5
                  | Int+9}
 16740 | Lair:3   | Reached XP level 14. HP: 104/110 MP: 27/27
 16929 | Lair:3   | Reached skill level 10 in Invocations
 16955 | Lair:3   | Reached skill level 12 in Stealth
 17216 | Lair:4   | Noticed Rupert
 17241 | Lair:4   | Killed Rupert
 17278 | Lair:3   | HP: 22/111 [death yak[a torpor snail] (7)]
 17284 | Lair:3   | HP: 14/111 [death yak[a torpor snail] (11)]
 18584 | Lair:5   | Found a staircase to the Slime Pits.
 18584 | Lair:5   | Found a viscous altar of Jiyva.
 18954 | Lair:5   | Reached skill level 10 in Dodging
 19115 | Lair:5   | Learned a level 5 spell: Summon Mana Viper
 19121 | Lair:5   | Learned a level 5 spell: Irradiate
 19127 | Lair:5   | Learned a level 5 spell: Summon Forest
 19869 | Lair:5   | Reached skill level 10 in Long Blades
 19869 | Lair:5   | Reached skill level 10 in Axes
 19869 | Lair:5   | Reached skill level 10 in Maces & Flails
 19869 | Lair:5   | Reached skill level 10 in Polearms
 19869 | Lair:5   | Reached skill level 10 in Staves
 19869 | Lair:5   | Reached skill level 10 in Ranged Weapons
 19869 | Lair:5   | Reached skill level 10 in Armour
 19869 | Lair:5   | Reached skill level 10 in Shields
 19869 | Lair:5   | Reached skill level 10 in Unarmed Combat
 19869 | Lair:5   | Reached skill level 10 in Spellcasting
 19869 | Lair:5   | Reached skill level 10 in Evocations
 20271 | D:10     | Upgraded the game from 0.30.0-17-ge0270778cf to
                  | 0.30.0-19-g36f170ea60
 20271 | D:10     | jfcaron: ??order
 20271 | D:10     | beem: hyperelliptic[1/2]: D:11 -> Lair -> D:12 -> Orc ->
                  | D:15 -> S:3 -> maybe other S:3 -> get both S runes -> maybe
                  | Elf (but not the Elf:3 vault) -> Vaults:4 -> maybe Crypt ->
                  | Depths:4 -> Vaults:5 -> maybe Slime -> Zot ("S" means
                  | Shoals/Snake/Spider/Swamp)
 20478 | D:11     | Noticed Lodul
 20489 | D:11     | Killed Lodul
 20578 | D:11     | Reached XP level 15. HP: 117/118 MP: 29/29
 21668 | D:12     | Found a portal to a secret trove of treasure.
 21758 | D:12     | Found a frozen archway.
 21764 | IceCv    | Entered an ice cave
 23250 | D:13     | Learned a level 2 spell: Blink
 23759 | D:13     | Found a runed translucent gate.
 23759 | D:13     | Found a runed translucent gate.
 23759 | D:13     | Found a runed translucent gate.
 23759 | D:13     | Found an iron altar of Okawaru.
 23759 | D:13     | Noticed 00Nightcrawler's ghost (journeyman VSTm)
 23923 | D:13     | Reached skill level 13 in Stealth
 23974 | D:13     | Killed 00Nightcrawler's ghost
 23989 | D:13     | Identified the +2 chain mail of Tomorrow {rF+}
 24759 | D:14     | Found a gate to the Vaults.
 24949 | D:15     | Entered Level 15 of the Dungeon
 25229 | D:15     | Found a transporter.
 25231 | D:15     | Found a transporter.
 25242 | D:15     | Found a bloodstained altar of Trog.
 25242 | D:15     | Noticed Juh Ocani's ghost (weakling FoFi)
 25527 | D:15     | Reached XP level 16. HP: 127/127 MP: 28/30
 25785 | D:15     | Found a shimmering blue altar of Sif Muna.
 26176 | D:15     | Found a snail-covered altar of Cheibriados.
 26303 | D:15     | Found a staircase to the Depths.
 26763 | D:15     | Killed Juh Ocani's ghost
 27080 | Spider:1 | Entered Level 1 of the Spider Nest
 27216 | Spider:1 | Found a transporter.
 27243 | Spider:1 | Noticed Arachne
 27253 | Spider:1 | Noticed Vubreenic's ghost (adept CeHu)
 27278 | Spider:1 | Noticed hexenhour's ghost (journeyman DrTm)
 27287 | Spider:1 | Found a transporter.
 27724 | Spider:1 | HP: 14/127 [demonic crawler (20)]
 27724 | Spider:1 | Slain by a demonic crawler

Illustrated notes

Levels and vault maps discovered:
D:1:      dpeg_arrival_court, layout_loops_cross, nicolae_figureground_pulse
D:2:      layout_basic
D:3:      layout_loops_ring, nicolae_overflow_ecumenical_swirl,
          dreamdust_wishing_well
D:4:      layout_rooms, serial_bayou, serial_bayou_ford_a, serial_bayou_shore_a,
          serial_bayou_pond_c, serial_bayou_pond_c, ebering_ghost_inner_flame
D:5:      layout_cave_pools, nicolae_overflow_quartered_altars, serial_shops,
          nicolae_shop_window_shopping, nicolae_shop_overgrown_old_shop,
          nicolae_square_shop
D:6:      minmay_clustersquares, layout_basic, mainiacjoe_overflow_paths,
          gammafunk_ghost_arena, amcnicky_mini_corridor_feature
D:7:      layout_basic, minmay_temple_entry_gardened_gates, serial_shops,
          nicolae_shop_stone
D:8:      layout_basic, mainiacjoe_overflow_cross_hatched
D:9:      layout_irregular_city, doesnt_xom_only_xom, overflow_temple_1_default,
          gammafunk_ghost_nasty_kobolds, grunt_ministairs_10
D:10:     layout_loops_corners, cheibrodos_ashenzari_chains,
          erik_lair_orcish_takeover, orc_0_dummy
D:11:     layout_grid_maze, uniq_lodul
D:12:     layout_loops_ring, enter_trove_2, portal_ice_cave_rime,
          kennysheep_generic_room_2
D:13:     layout_cave_pools, gammafunk_ghost_fury_of_okawaru
D:14:     layout_irregular_city, lightli_vaults_fourway_checkpoint,
          hangedman_decor_growths
D:15:     hangedman_depths_entry_try_elsewhere_first, layout_loops_ring,
          nicolae_sif_muna_condensation, gammafunk_ghost_wrathful_warriors,
          minivault_14, slow_altar_2
Lair:1:   layout_concentric_octagons, evilmike_ambush
          [evilmike_ambush_outer_pillars, evilmike_ambush_inner_basic],
          grunt_megastairs_1
Lair:2:   layout_regular_city, palyth_hydra_swamp_entry, grunt_megastairs_2
Lair:3:   layout_chaotic_city, nicolae_spider_entry_lesser_pyramids,
          chequers_serial_rivers_marsh, st_stairs_8, serial_bayou_shore_b
Lair:4:   layout_small_grid, grunt_megastairs_5, serial_bayou_shore_b,
          infiniplex_staircase_pool, lemuel_fruit_tree, uniq_rupert
Lair:5:   minmay_lair_end_frog_pond, layout_long_grid, slime_entry_1,
          infiniplex_staircase_pool_2
Spider:1: layout_spider_delve, nzn_ghost_randoct, nicolae_spider_paper_wasps
Orc:1:    layout_caves
Orc:2:    grunt_orc_tribal_feast, layout_diamond_mine, basic_altar,
          nicolae_orc_lava_tube, elves_outpost_lemuel

Skill      XL: |  1  2  3  4  5  6  7  8  9 10 11 12 13 14 15 16 |
---------------+-------------------------------------------------+-----
Invocations    | 1 2 3 4 5 6 7 8 9 10 11 12 | 12.3
Long Blades    | 1 2 3 4 5 6 7 8 9 10 11 | 11.4
Axes           | 1 2 3 4 5 6 7 8 9 10 11 | 11.4
Maces & Flails | 1 2 3 4 5 6 7 8 9 10 11 | 11.4
Polearms       | 1 2 3 4 5 6 7 8 9 10 11 | 11.4
Staves         | 1 2 3 4 5 6 7 8 9 10 11 | 11.4
Ranged Weapons | 1 2 3 4 5 6 7 8 9 10 11 | 11.4
Armour         | 1 2 3 4 5 6 7 8 9 10 11 | 11.4
Shields        | 1 2 3 4 5 6 7 8 9 10 11 | 11.4
Unarmed Combat | 1 2 3 4 5 6 7 8 9 10 11 | 11.4
Spellcasting   | 1 2 3 4 5 6 7 8 9 10 11 | 11.4
Evocations     | 1 2 3 4 5 6 7 8 9 10 11 | 11.4
Conjurations   | 1 2 3 4 5 6 7 8 9 |  9.6
Hexes          | 1 2 3 4 5 6 7 8 9 |  9.6
Summonings     | 1 2 3 4 5 6 7 8 9 |  9.6
Necromancy     | 1 2 3 4 5 6 7 8 9 |  9.6
Translocations | 1 2 3 4 5 6 7 8 9 |  9.6
Transmutations | 1 2 3 4 5 6 7 8 9 |  9.6
Fire Magic     | 1 2 3 4 5 6 7 8 9 |  9.6
Ice Magic      | 1 2 3 4 5 6 7 8 9 |  9.6
Air Magic      | 1 2 3 4 5 6 7 8 9 |  9.6
Earth Magic    | 1 2 3 4 5 6 7 8 9 |  9.6
Poison Magic   | 1 2 3 4 5 6 7 8 9 |  9.6
Dodging        | 3 4 5 6 7 8 9 10 11 | 11.7
Stealth        | 8 9 10 11 12 13 | 13.6
Fighting       | 5 6 7 8 9 10 11 12 | 12.2
Short Blades   | 5 6 7 8 9 10 11 12 | 12.2
Throwing       | 5 6 7 8 9 10 11 12 | 12.2

Action                     |  1- 3 |  4- 6 |  7- 9 | 10-12 | 13-15 | 16-18 || total
---------------------------+-------+-------+-------+-------+-------+-------++-------
  Melee: Dagger            |    59 |   102 |   203 |   361 |     1 |       ||   726
         Bite              |     4 |     6 |    31 |    63 |   131 |    34 ||   269
         Punch             |       |     5 |     9 |    15 |    70 |    18 ||   117
         Falchion          |       |       |    11 |       |       |       ||    11
         Flail             |       |       |       |    88 |   860 |    94 ||  1042
         Trident           |       |       |       |    18 |       |       ||    18
         Hand axe          |       |       |       |       |    26 |       ||    26
         Eveningstar       |       |       |       |       |       |    81 ||    81
         Broad axe         |       |       |       |       |       |     5 ||     5
  Throw: Stone             |     7 |    15 |    31 |    70 |   114 |     1 ||   238
         Dart              |    11 |    11 |    52 |   111 |   441 |    80 ||   706
         Javelin           |     3 |     7 |    23 |    11 |     6 |     2 ||    52
         Boomerang         |       |       |       |    14 |       |       ||    14
   Cast: Summon Small Mamm |     2 |    19 |    26 |    38 |     2 |       ||    87
         Magic Dart        |       |    10 |       |     1 |    47 |     3 ||    61
         Call Canine Famil |       |       |     3 |    36 |    32 |     5 ||    76
         Frozen Ramparts   |       |       |       |    29 |    76 |    22 ||   127
         Summon Guardian G |       |       |       |    16 |    20 |     3 ||    39
         Dispel Undead     |       |       |       |     1 |     5 |       ||     6
         Summon Forest     |       |       |       |       |     4 |       ||     4
         Irradiate         |       |       |       |       |     1 |       ||     1
         Summon Mana Viper |       |       |       |       |       |     1 ||     1
 Invoke: Minor Destruction |       |       |    11 |       |     4 |       ||    15
         Major Destruction |       |       |       |       |     2 |       ||     2
         Greater Servant o |       |       |       |       |       |     1 ||     1
  Evoke: Wand              |       |       |     2 |    20 |    53 |     3 ||    78
         Phial of floods   |       |       |       |       |     1 |       ||     1
         Box of beasts     |       |       |       |       |       |     1 ||     1
    Use: Scroll            |       |    14 |     7 |     5 |     9 |     2 ||    37
         Potion            |       |     1 |       |     2 |     2 |     1 ||     6
   Stab: Sleeping          |     5 |    10 |     8 |    10 |     2 |     1 ||    36
         Distracted        |       |     1 |       |     3 |     3 |     1 ||     8
         Paralysed         |       |       |     1 |     2 |     4 |     4 ||    11
         Petrifying        |       |       |       |       |     1 |       ||     1
 Armour: Robe              |    10 |    13 |    77 |    35 |       |       ||   135
         Acid dragon scale |       |       |       |    50 |       |       ||    50
         Troll leather arm |       |       |       |    45 |       |       ||    45
         Scale mail        |       |       |       |    51 |   596 |   108 ||   755
         Plate armour      |       |       |       |       |       |     7 ||     7
  Dodge: Dodged            |    30 |    40 |   132 |   266 |   653 |   142 ||  1263
  Block: Other             |       |       |    45 |   112 |     6 |       ||   163
         Reflection        |       |       |       |     4 |       |       ||     4
         Buckler           |       |       |       |       |       |    48 ||    48
         Tower shield      |       |       |       |       |       |    16 ||    16

Table legend: (Time is in decaauts)
 A = Elapsed time spent in this place.
 B = Non-inter-level travel time spent in this place.
 C = Inter-level travel time spent in this place.
 D = Time resting spent in this place.
 E = Time spent auto-exploring this place.
 F = Levels seen in this place.
 G = Mean time per level.
                   A        B        C        D        E       F      G
               +--------+--------+--------+--------+--------+-----+--------+
         Total |  27303 |  25044 |   2259 |   3303 |  15316 |  24 | 1137.6 |
       Dungeon |  16575 |  15080 |   1495 |   1671 |   9695 |  15 | 1105.0 |
          Lair |   6558 |   6063 |    495 |    508 |   4143 |   5 | 1311.6 |
   Spider Nest |    635 |    635 |      0 |     75 |    380 |   1 |  635.0 |
  Orcish Mines |   2761 |   2492 |    269 |    886 |    921 |   2 | 1380.5 |
      Ice Cave |    772 |    772 |      0 |    161 |    176 |   1 |  772.0 |
               +--------+--------+--------+--------+--------+-----+--------+

Top non-repeatable levels by time:
   Orc:2: 2117 daAuts
    D:15: 1962 daAuts
  Lair:5: 1718 daAuts
  Lair:2: 1560 daAuts
     D:6: 1517 daAuts
     D:9: 1434 daAuts
    D:11: 1333 daAuts
     D:4: 1162 daAuts
  Lair:1: 1141 daAuts
  Lair:3: 1133 daAuts
    D:10: 1036 daAuts
     D:2: 1034 daAuts
    D:12: 1024 daAuts
  Lair:4: 1004 daAuts
     D:3: 963 daAuts

Table legend:
 A = Kills in this place as a percentage of kills in the entire game.
 B = Kills by you in this place as a percentage of kills by you in the entire game.
 C = Kills by friends in this place as a percentage of kills by friends in the entire game.
 D = Other kills in this place as a percentage of other kills in the entire game.
 E = Experience gained in this place as a percentage of experience gained in the entire game.
 F = Experience gained in this place divided by the number of levels of this place that you have seen.
                   A       B       C       D       E      F
               +-------+-------+-------+-------+-------+----------------------
         Total | 100.0 | 100.0 | 100.0 | 100.0 | 100.0 | 6651.7
       Dungeon |  52.8 |  51.6 |  66.7 |  58.6 |  45.5 | 4846.1
          Lair |  24.5 |  27.2 |   2.4 |   0.0 |  33.0 | 10533.8
   Spider Nest |   5.0 |   5.1 |   7.1 |   0.0 |   7.0 | 11110.0
  Orcish Mines |  13.2 |  12.1 |  16.7 |  31.0 |  10.7 | 8536.0
      Ice Cave |   4.5 |   4.0 |   7.1 |  10.3 |   3.8 | 6097.0
               +-------+-------+-------+-------+-------+----------------------

Levels and vault maps discovered:
D:1:      dpeg_arrival_court, layout_loops_cross, nicolae_figureground_pulse
D:2:      layout_basic
D:3:      layout_loops_ring, nicolae_overflow_ecumenical_swirl,
          dreamdust_wishing_well
D:4:      layout_rooms, serial_bayou, serial_bayou_ford_a, serial_bayou_shore_a,
          serial_bayou_pond_c, serial_bayou_pond_c, ebering_ghost_inner_flame
D:5:      layout_cave_pools, nicolae_overflow_quartered_altars, serial_shops,
          nicolae_shop_window_shopping, nicolae_shop_overgrown_old_shop,
          nicolae_square_shop
D:6:      minmay_clustersquares, layout_basic, mainiacjoe_overflow_paths,
          gammafunk_ghost_arena, amcnicky_mini_corridor_feature
D:7:      layout_basic, minmay_temple_entry_gardened_gates, serial_shops,
          nicolae_shop_stone
D:8:      layout_basic, mainiacjoe_overflow_cross_hatched
D:9:      layout_irregular_city, doesnt_xom_only_xom, overflow_temple_1_default,
          gammafunk_ghost_nasty_kobolds, grunt_ministairs_10
D:10:     layout_loops_corners, cheibrodos_ashenzari_chains,
          erik_lair_orcish_takeover, orc_0_dummy
D:11:     layout_grid_maze, uniq_lodul
D:12:     layout_loops_ring, enter_trove_2, portal_ice_cave_rime,
          kennysheep_generic_room_2
D:13:     layout_cave_pools, gammafunk_ghost_fury_of_okawaru
D:14:     layout_irregular_city, lightli_vaults_fourway_checkpoint,
          hangedman_decor_growths
D:15:     hangedman_depths_entry_try_elsewhere_first, layout_loops_ring,
          nicolae_sif_muna_condensation, gammafunk_ghost_wrathful_warriors,
          minivault_14, slow_altar_2
Lair:1:   layout_concentric_octagons, evilmike_ambush
          [evilmike_ambush_outer_pillars, evilmike_ambush_inner_basic],
          grunt_megastairs_1
Lair:2:   layout_regular_city, palyth_hydra_swamp_entry, grunt_megastairs_2
Lair:3:   layout_chaotic_city, nicolae_spider_entry_lesser_pyramids,
          chequers_serial_rivers_marsh, st_stairs_8, serial_bayou_shore_b
Lair:4:   layout_small_grid, grunt_megastairs_5, serial_bayou_shore_b,
          infiniplex_staircase_pool, lemuel_fruit_tree, uniq_rupert
Lair:5:   minmay_lair_end_frog_pond, layout_long_grid, slime_entry_1,
          infiniplex_staircase_pool_2
Spider:1: layout_spider_delve, nzn_ghost_randoct, nicolae_spider_paper_wasps
Orc:1:    layout_caves
Orc:2:    grunt_orc_tribal_feast, layout_diamond_mine, basic_altar,
          nicolae_orc_lava_tube, elves_outpost_lemuel
